 Dungeon Crawl Stone Soup version 0.29.1-2-gbd0b4ee654 (webtiles) character file.

Game seed: 100343872046186045

385 qeuew the Poker (level 6, -4/48 HPs)
             Began as a Merfolk Gladiator on Nov 9, 2022.
             Slain by a centaur (6 damage)
             ... on level 4 of the Dungeon.
             The game lasted 00:07:38 (4359 turns).

qeuew the Poker (Merfolk Gladiator)                 Turns: 4359, Time: 00:07:39

Health: -4/48      AC:  1    Str: 16    XL:     6   Next: 77%
Magic:  0/6        EV: 15    Int:  6    God:
Gold:   529        SH:  0    Dex: 19    Spells: 5/5 levels left

rFire   . . .      SeeInvis .   a - +0 trident
rCold   + . .      Faith    .   (no shield)
rNeg    . . .      Spirit   +   b - +0 leather armour
rPois   .          Reflect  .   c - +1 helmet
rElec   .          Harm     .   (no cloak)
rCorr   .          Rampage  .   (no gloves)
Will    .....                   (no boots)
Stlth   +.........              k - amulet of guardian spirit
HPRegen 0.16/turn               q - ring of protection from cold
MPRegen 0.10/turn               (no ring)

@: about to teleport, corroded
A: (nimble swimmer 2), mertail, agile 1, wild magic 1
a: no special abilities


You were on level 4 of the Dungeon.
You visited 1 branch of the dungeon, and saw 5 of its levels.
You also visited: Ossuary.

You collected 529 gold pieces.

Inventory:

Hand Weapons
 a - a +0 trident (weapon)
Missiles
 d - 3 throwing nets (quivered)
 e - a javelin
Armour
 b - a +0 leather armour (worn)
 c - a +1 helmet (worn)
Jewellery
 k - an amulet of guardian spirit (around neck)
 q - a ring of protection from cold (left hand)
Scrolls
 n - a scroll of silence
Potions
 h - a potion of flight
 i - 3 potions of mutation
 j - a potion of magic
 m - a potion of brilliance


   Skills:
 + Level 3.9 Fighting
 + Level 5.6 Polearms
 + Level 3.4 Throwing
 + Level 1.9 Armour
 + Level 5.5 Dodging


You had 5 spell levels left.
You didn't know any spells.
Your spell library contained the following spells:

 Spells                   Type           Power      Damage    Failure   Level
 Necrotise                Necr           0%         1d4       61%         1


Dungeon Overview and Level Annotations

Branches:
Dungeon (5/15)            Ossuary (visited)
 Temple: D:4-7

Altars:
The Shining One

Annotations:
D:3 2 transporters, tizbic2's ghost, amateur NaTm


Innate Abilities, Weirdness & Mutations

((You are very nimble when in or above water. (Stealth+, EV+, Speed+++)))
Your lower body shifts to a powerful aquatic tail in water.
You are agile. (Dex +4, Str/Int -1)
Your spells are a little harder to cast, but a little more powerful.


Message History

* * * LOW HITPOINT WARNING * * *
The adder misses you. The centaur barely misses you. The centaur kicks you.
* * * LOW HITPOINT WARNING * * *
The white imp gestures at you. The puff of frost misses you.
You hit the white imp.
The white imp is severely wounded.
You feel sick.
You are no longer poisoned.
The adder bites you.
* * * LOW HITPOINT WARNING * * *
The centaur hits you.
* * * LOW HITPOINT WARNING * * *
The centaur kicks you.
* * * LOW HITPOINT WARNING * * *
The adder misses you. The white imp misses you.
You feel better.
The centaur closely misses you. x2; The adder bites you.
* * * LOW HITPOINT WARNING * * *
You are poisoned.
The adder poisons you!
The centaur hits you but does no damage.
The centaur closely misses you. The white imp barely misses you.
You hit the white imp.
The white imp is almost dead.
You feel sick. The adder closely misses you.
The centaur hits you but does no damage.
The centaur closely misses you. The white imp closely misses you.
The adder bites you.
* * * LOW HITPOINT WARNING * * *
You feel better. The centaur closely misses you. The centaur kicks you.
* * * LOW HITPOINT WARNING * * *
The centaur misses you. The centaur kicks you.
* * * LOW HITPOINT WARNING * * *
The white imp gestures at you. The puff of frost hits you. You resist.
* * * LOW HITPOINT WARNING * * *
The adder closely misses you.
As you read the scroll of teleportation, it crumbles to dust.
You feel strangely unstable. The centaur hits you!
You die...

################### #
#....b............###
######.bbb.b...........'.'
#(.......bb...)........###
#.....b####.####.......# #
#......####.####.......# #
#......##J....####...###
#.....b##Sc##.####)..##
#......##@5......+....#
#......######.####....#
#############'####....###
#................##
#.............##..#
#.............###.#
#..........##.###.#
#############...#..
###'##.


You could see a centaur, a jelly, an adder and a white imp.

Vanquished Creatures
  A scorpion (D:4)
  A hound (D:4)
  An iguana (D:3)
  An orc wizard (D:4)
  8 mummies (Ossuary)
  5 adders
  A worm (D:3)
  3 dart slugs (D:1)
  9 orcs
  5 ball pythons
  5 bats
  An endoplasm (D:3)
  3 giant cockroaches
  4 hobgoblins
  2 jackals (D:3)
  10 kobolds
  7 quokkas
  4 frilled lizards
  3 gnoll zombies (Ossuary)
  6 goblins
  A hobgoblin zombie (Ossuary)
  2 kobold zombies (Ossuary)
  2 orc zombies (Ossuary)
  4 rats
89 creatures vanquished.

Vanquished Creatures (others)
  2 fungi (D:1)
2 creatures vanquished.

Grand Total: 91 creatures vanquished

Notes
Turn   | Place    | Note
-------+----------+-------------------------------------------
     0 | D:1      | qeuew the Merfolk Gladiator began the quest for the Orb.
     0 | D:1      | Reached XP level 1. HP: 16/16 MP: 1/1
   121 | D:1      | Reached XP level 2. HP: 23/23 MP: 2/2
   422 | D:1      | Found a faded altar of an unknown god.
   431 | D:1      | Got Plato's Handbook of Malignant Mysteries
   573 | D:1      | Reached XP level 3. HP: 28/28 MP: 3/3
   637 | D:2      | Found a glowing golden altar of the Shining One.
  1207 | D:2      | Reached XP level 4. HP: 22/34 MP: 2/4
  1212 | D:2      | Reached skill level 1 in Armour
  1498 | D:2      | Gained mutation: Your spells are a little harder to cast,
                  | but a little more powerful. [potion of mutation]
  1498 | D:2      | Gained mutation: You are agile. (Dex +4, Str/Int -1)
                  | [potion of mutation]
  1748 | D:3      | Found a transporter.
  1749 | D:3      | Noticed a necrophage
  1776 | D:3      | Found a transporter.
  1778 | D:3      | Noticed tizbic2's ghost (amateur NaTm)
  1999 | D:3      | Reached XP level 5. HP: 41/41 MP: 5/5
  2385 | D:4      | Found a sand-covered staircase.
  2390 | Ossuary  | Entered an ossuary
  2528 | Ossuary  | Reached skill level 5 in Polearms
  2542 | Ossuary  | Reached skill level 5 in Dodging
  3038 | Ossuary  | Reached XP level 6. HP: 30/47 MP: 3/6
  4344 | D:5      | Entered Level 5 of the Dungeon
  4357 | D:4      | HP: 2/48 [adder (3)]
  4359 | D:4      | Slain by a centaur

Illustrated notes

Levels and vault maps discovered:
D:1:      nicolae_arrival_memento_mori, layout_rooms,
          shapermc_ecumenical_altar_rom_forum
D:2:      layout_loops_ring, basic_altar
D:3:      layout_loops_ring, gammafunk_ghost_mausoleum,
          minmay_misc_feat_more_columns
D:4:      layout_basic, enter_ossuary_2
D:5:      layout_cave_pods, xom_confusion_cloud, grunt_ministairs_2

Skill      XL: |  1  2  3  4  5 |
---------------+----------------+-----
Armour         | 1 |  1.9
Fighting       | 3 |  3.9
Polearms       | 5 |  5.6
Throwing       | 3 |  3.4
Dodging        | 5 |  5.5

Action                   |  1- 3 |  4- 6 || total
-------------------------+-------+-------++-------
Melee: Trident           |   103 |   302 ||   405
       Punch             |     2 |     4 ||     6
  Use: Potion            |     4 |    12 ||    16
       Scroll            |     2 |     9 ||    11
 Stab: Sleeping          |       |     2 ||     2
Armor: Leather armour    |    17 |    67 ||    84
       Skin              |       |    12 ||    12
Dodge: Dodged            |    56 |   229 ||   285
